 Dungeon Crawl Stone Soup version 0.31.0-4-g52a2dc7128 (webtiles) character file.

Game seed: 5070143065248858986

13897 GreatBamboolord the Protected (level 11, -1/92 HPs)
             Began as an Armataur Conjurer on Jan 23, 2024.
             Was an Initiate of Gozag.
             Slain by a centaur warrior
             ... wielding a +2 dagger of speed
              (9 damage)
             ... on level 10 of the Dungeon.
             The game lasted 00:38:14 (12590 turns).

GreatBamboolord the Protected (Armataur Conjurer)  Turns: 12590, Time: 00:38:15

Health: -1/92      AC: 13    Str: 12    XL:     11   Next: 81%
Magic:  0/30       EV: 14    Int: 23    God:    Gozag
Gold:   364        SH:  5    Dex:  9    Spells: 12/23 levels left

rFire   . . .        h - +2 spear (venom)
rCold   + . .        s - +0 buckler
rNeg    . . .        d - +0 leather armour
rPois   .            w - +2 helmet
rElec   .            F - +2 cloak {Will+}
rCorr   .            K - +0 pair of gloves "Peef" {rC+}
SInv    .            (no barding)
Will    +....        x - amulet of guardian spirit
Stlth   +++          g - ring of magical power
HPRegen 0.35/turn    y - +5 ring of evasion
MPRegen 0.22/turn

%: guardian spirit, roll
@: no status effects
A: large, deformed body, tough skin 3, armoured tail, roll 2
a: Renounce Religion, Potion Petition, Call Merchant, Bribe Branch


You were on level 10 of the Dungeon.
You worshipped Gozag.
Gozag was aware of your devotion.
You visited 2 branches of the dungeon, and saw 11 of its levels.
You also visited: Bailey.

You collected 1620 gold pieces.
You spent 351 gold pieces at shops.
You paid 905 gold pieces to Gozag.

Inventory:

Hand Weapons
 h - a +2 spear of venom (weapon)
Missiles
 B - 3 throwing nets
Armour
 d - a +0 leather armour (worn)
 s - a +0 buckler (worn)
 w - a +2 helmet (worn)
 F - a +2 cloak of willpower (worn)
 K - the +0 pair of gloves "Peef" (worn) {rC+}
   (You bought it in a shop on level 9 of the Dungeon)

   rC+:       It protects you from cold.
Jewellery
 g - a ring of magical power (left hand)
 x - an amulet of guardian spirit (around neck)
 y - a +5 ring of evasion (right hand)
 I - a ring of willpower
Wands
 m - a wand of iceblast (10)
 J - a wand of quicksilver (8)
 M - a wand of flame (7)
Scrolls
 c - 3 scrolls of blinking
 e - 6 scrolls of teleportation
 f - 4 scrolls of fog
 i - 2 scrolls of vulnerability
 k - 3 scrolls of enchant armour
 l - 2 scrolls of poison
 n - a scroll of silence {unknown}
 p - 2 scrolls of noise
 q - a scroll of amnesia {unknown}
 r - a scroll of revelation
 u - a scroll of fear {unknown}
 G - a scroll of butterflies {unknown}
Potions
 b - 3 potions of magic
 j - 2 potions of enlightenment
 o - 5 potions of curing
 v - a potion of degeneration {unknown}
 z - 2 potions of berserk rage
 A - a potion of lignification {unknown}
 C - 2 potions of attraction
 D - a potion of mutation {unknown}
 H - a potion of ambrosia {unknown}
Miscellaneous
 a - a phantom mirror
 E - a phial of floods


   Skills:
 * Level 7.3 Fighting
 * Level 8.4 Armour
 - Level 2.9 Dodging
 + Level 6.6 Stealth
 * Level 6.8 Shields
 * Level 6.7 Spellcasting
 * Level 8.0 Conjurations
 * Level 7.6 Translocations


You had 12 spell levels left.
You knew the following spells:

 Your Spells              Type           Power      Damage    Failure   Level
a - Magic Dart            Conj           100%       1d8       1%          1
b - Searing Ray           Conj           88%        2d7       1%          2
c - Momentum Strike       Conj/Tloc      86%        3d10      1%          2
d - Blink                 Tloc           84%        N/A       1%          2
e - Iskenderun's Mystic   Conj/Tloc      43%        2d10      4%          4

Your spell library contained the following spells:

 Spells                   Type           Power      Damage    Failure   Level
 Apportation              Tloc           84%        N/A       1%          1
 Lesser Beckoning         Tloc           84%        N/A       1%          2
 Gell's Gravitas          Tloc           42%        N/A       1%          3
 Teleport Other           Tloc           42%        N/A       1%          3
 Call Imp                 Summ           14%        N/A       19%         2
 Cigotuvi's Dreadful Rot  Necr/Alch/Air  14%        N/A       19%         2
 Jinxbite                 Hex            14%        N/A       19%         2
 Sublimation of Blood     Necr           7%         N/A       19%         2
 Fulminant Prism          Conj/Alch      13%        3d8       24%         4
 Dispersal                Tloc           21%        N/A       65%         6
 Dispel Undead            Necr           7%         3d8       77%         4
 Martyr's Knell           Necr/Summ      7%         N/A       77%         4
 Alistair's Intoxication  Alch           4%         N/A       98%         5
 Death Channel            Necr           3%         N/A       100%        6
 Summon Hydra             Summ           3%         N/A       100%        7


Dungeon Overview and Level Annotations

Branches:
Dungeon (10/15)            Temple (1/1) D:7             Orc (0/2) D:9
 Bailey (visited)
   Lair: D:8-11

Altars:
Ashenzari
Cheibriados
Dithmenos
Elyvilon
Fedhas
Gozag
Hepliaklqana
Kikubaaqudgha
Makhleb
Nemelex Xobeh
Okawaru
Qazlal
Ru
Sif Muna
Trog
Uskayaw
Vehumet
Wu Jian
Xom
Yredelemnul
Zin
The Shining One
Lugonu

Shops:
D:1 =   D:3 (=   D:5 =   D:6 *   D:9 [

Portals:
Abyss: D:4

Annotations:
D:3 3 runed translucent doors, GriffinBr's ghost, amateur OpSh
D:8 1 exclusion
D:10 1 exclusion


Innate Abilities, Weirdness & Mutations

Armour fits poorly on your strangely shaped body.
You have extremely tough skin. (AC +3)
You have a long armoured tail.
You regenerate magic and health when rolling toward enemies. (Rampage Regen)


Message History

You hit the centaur warrior.
Your tail-slap misses the centaur warrior.
The centaur warrior is heavily wounded.
You block the centaur warrior's attack. The centaur warrior barely misses you.
The centaur warrior hits you but does no damage.
The centaur warrior misses you.
You hit the centaur warrior but do no damage.
The centaur warrior looks as sick as possible!
The centaur warrior is heavily wounded.
The centaur warrior hits you but does no damage.
The centaur warrior kicks you but does no damage.
The centaur warrior completely misses you.
You block the centaur warrior's attack.
The centaur warrior hits you but does no damage.
The centaur warrior kicks you but does no damage.
You hit the centaur warrior.
The centaur warrior looks as sick as possible!
You tail-slap the centaur warrior.
The centaur warrior is severely wounded.
The centaur warrior barely misses you. The centaur warrior kicks you.
* * * LOW HITPOINT WARNING * * *
The centaur warrior hits you with a +2 dagger of speed.
* * * LOW HITPOINT WARNING * * *
The centaur warrior kicks you but does no damage.
You hit the centaur warrior.
The centaur warrior looks as sick as possible!
The centaur warrior is severely wounded.
The centaur warrior hits you with a +2 dagger of speed.
* * * LOW HITPOINT WARNING * * *
The centaur warrior misses you.
The centaur warrior hits you with a +2 dagger of speed!
* * * LOW HITPOINT WARNING * * *
The centaur warrior kicks you but does no damage.
The centaur warrior hits you with a +2 dagger of speed!
* * * LOW HITPOINT WARNING * * *
The centaur warrior completely misses you.
You feel better.
The centaur warrior hits you with a +2 dagger of speed!
You die...
Your body crumbles into a pile of gold.

#................#.######.#
#..##.#...######.#.######.#
#..##......#....)....##...#
#######..##........#.#####..#.#.#
.........#............##..)......
########.....#######..#..#######.
###..##.....##...##..#..##
#########..##.#####.##.##..#.#..#
#.........##.##c@.##.###..#####..
#.#######.#.##.###.##.#..#.#.###.
#.# #.##.## ##.#.#.###.(.###
#.#######.###)# #.#..#.#.())[#.
#.##......#.#.## ##.#.#[###.[.###
..##......#.##.###.##.#..###(###.
..........##.##.%.##.###..#####..
####.......##.#####.## ##..#.#..#
#........##.....## ##..#..##


You could see a centaur warrior (extremely poisoned).

Vanquished Creatures
  2 hydras (D:10)
  Harold (D:10)
  An orc knight (Bailey)
  2 deep elf pyromancers
  2 manticores (D:10)
  A cyclops (D:10)
  3 kobold demonologists
  Prince Ribbit (D:5)
  A troll (D:10)
  A hornet (D:8)
  Grinder (D:4)
  2 wyverns
  4 wraiths
  A vampire (D:10)
  Eustachio (D:4)
  11 yaks
  A basilisk (shapeshifter) (D:10)
  Grum (D:8)
  5 vampire mosquitoes
  2 acid dragons
  A water moccasin (D:6)
  Duvessa (D:6)
  An ice beast (D:6)
  A sky beast (D:8)
  2 ogres
  6 orc warriors (Bailey)
  4 wolves (D:8)
  A phantom (D:7)
  A centaur (D:9)
  6 kobold brigands
  Blork the orc (D:5)
  4 bullfrogs
  A gnoll sergeant (D:9)
  A scorpion (D:5)
  5 wights
  Dowan (D:6)
  6 howler monkeys
  A bombardier beetle (D:6)
  A jelly (D:5)
  4 hounds
  3 orc priests
  2 gnoll boudas (D:8)
  3 sleepcaps
  3 iguanas (D:5)
  Natasha (thrice) (D:3)
  11 orc wizards
  16 gnolls
  7 adders
  2 shadow imps
  3 white imps (D:8)
  2 ufetubi
  3 dart slugs
  A ribbon worm (D:2)
  40 orcs
  3 bats
  4 endoplasms (D:1)
  4 giant cockroaches
  9 goblins
  6 hobgoblins
  25 kobolds
  3 quokkas
  4 ball pythons
  6 frilled lizards
  4 rats
  A lurking horror (D:4)
261 creatures vanquished.

Notes
Turn   | Place    | Note
-------+----------+-------------------------------------------
     0 | D:1      | GreatBamboolord the Armataur Conjurer began the quest for
                  | the Orb.
     0 | D:1      | Reached XP level 1. HP: 14/14 MP: 3/3
   171 | D:1      | Reached XP level 2. HP: 22/22 MP: 0/4
   452 | D:1      | Found Miaxesor's Jewellery Shop.
   657 | D:1      | Learned a level 2 spell: Searing Ray
   660 | D:1      | Learned a level 2 spell: Momentum Strike
   835 | D:2      | Reached XP level 3. HP: 27/27 MP: 6/6
  1039 | D:2      | Reached skill level 1 in Fighting
  1367 | D:2      | Reached skill level 1 in Armour
  1900 | D:3      | Found Gyir's Antique Weapon Shoppe.
  1980 | D:3      | Found a runed translucent gate.
  1984 | D:3      | Found a runed translucent gate.
  1984 | D:3      | Found a runed translucent gate.
  1986 | D:3      | Found Saukh's Jewellery Emporium.
  1991 | D:3      | Noticed GriffinBr's ghost (amateur OpSh)
  2016 | D:3      | Reached XP level 4. HP: 24/35 MP: 0/7
  2228 | D:3      | Reached skill level 1 in Translocations
  2498 | D:3      | Found a basalt altar of Yredelemnul.
  2535 | D:3      | Found an iron altar of Okawaru.
  2539 | D:3      | Noticed Natasha
  2544 | D:3      | Killed Natasha
  2545 | D:3      | Reached XP level 5. HP: 35/41 MP: 8/8
  2683 | D:3      | Noticed Natasha
  2689 | D:3      | Killed Natasha
  2904 | D:3      | Noticed Natasha
  2909 | D:3      | Killed Natasha
  3184 | D:4      | Found a one-way gate to the infinite horrors of the Abyss.
  3186 | D:4      | Found a corrupted altar of Lugonu.
  3373 | D:4      | Noticed Eustachio
  3387 | D:4      | Killed Eustachio
  3388 | D:4      | Reached XP level 6. HP: 50/50 MP: 3/10
  3573 | D:4      | Noticed Grinder
  3589 | D:4      | Killed Grinder
  3590 | D:4      | Gained mutation: You regenerate magic and health when
                  | rolling toward enemies. (Rampage Regen) [Armataur growth]
  3590 | D:4      | Reached XP level 7. HP: 27/56 MP: 5/11
  3872 | D:4      | Found a sparkling altar of Nemelex Xobeh.
  3997 | D:4      | Learned a level 2 spell: Blink
  4002 | D:4      | Learned a level 4 spell: Iskenderun's Mystic Blast
  4003 | D:5      | Entered Level 5 of the Dungeon
  4003 | D:5      | Noticed Blork the orc
  4003 | D:5      | Found Humuacoa's Jewellery Boutique.
  4008 | D:5      | Killed Blork the orc
  4269 | D:5      | Found a shadowy altar of Dithmenos.
  4573 | D:5      | Reached skill level 5 in Conjurations
  4786 | D:5      | Noticed Prince Ribbit
  4811 | D:5      | Reached XP level 8. HP: 27/63 MP: 13/13
  4819 | D:5      | Killed Prince Ribbit
  5095 | D:5      | Found a sacrificial altar of Ru.
  5229 | D:5      | Found a stormy altar of Qazlal.
  5305 | D:6      | Noticed Duvessa
  5305 | D:6      | Noticed Dowan
  5313 | D:6      | Killed Duvessa
  5323 | D:6      | Killed Dowan
  5808 | D:6      | Found Nexaf's General Store.
  5817 | D:6      | Bought a potion of heal wounds for 55 gold pieces
  6028 | D:6      | Reached skill level 1 in Shields
  6112 | D:6      | Found a hide-covered altar of Uskayaw.
  6123 | D:6      | Reached XP level 9. HP: 71/72 MP: 5/15
  6298 | D:7      | Noticed a kobold demonologist
  6317 | D:7      | Killed a kobold demonologist
  6645 | D:7      | Reached skill level 5 in Translocations
  6658 | D:7      | Reached skill level 5 in Fighting
  6658 | D:7      | Reached skill level 5 in Armour
  6676 | D:7      | Reached skill level 5 in Stealth
  6676 | D:7      | Reached skill level 5 in Spellcasting
  7115 | D:7      | Found a glowing golden altar of the Shining One.
  7494 | D:7      | Found a staircase to the Ecumenical Temple.
  7507 | Temple   | Entered the Ecumenical Temple
  7522 | Temple   | Became a worshipper of Gozag Ym Sagoz the Greedy
  7942 | D:8      | Found an ornate altar of the Wu Jian Council.
  8121 | D:8      | Found an ancient bone altar of Kikubaaqudgha.
  8226 | D:8      | Reached XP level 10. HP: 81/81 MP: 17/17
  8259 | D:8      | Found a shimmering altar of Xom.
  8259 | D:8      | Found a shimmering altar of Xom.
  8260 | D:8      | Found a shimmering altar of Xom.
  8261 | D:8      | Found a shimmering altar of Xom.
  8261 | D:8      | Found a shimmering altar of Xom.
  8261 | D:8      | Found a shimmering altar of Xom.
  8263 | D:8      | Found a shimmering altar of Xom.
  8347 | D:8      | Noticed Grum
  8358 | D:8      | Killed Grum
  8616 | D:8      | Paralysed by a hornet for 3 turns
  9196 | D:9      | Found a flagged portal.
  9264 | Bailey   | Entered a bailey
  9548 | Bailey   | Found a large runed translucent door.
  9548 | Bailey   | Found a large runed translucent door.
  9548 | Bailey   | Noticed an orc knight
  9549 | Bailey   | Noticed a deep elf pyromancer
  9615 | Bailey   | Killed an orc knight
  9659 | Bailey   | Reached skill level 5 in Shields
  9733 | Bailey   | Killed a deep elf pyromancer
 10031 | D:9      | Found a bloodstained altar of Trog.
 10058 | D:9      | Reached XP level 11. HP: 91/91 MP: 20/20
 10467 | D:9      | Found a staircase to the Orcish Mines.
 10639 | D:10     | Entered Level 10 of the Dungeon
 10663 | D:10     | Found a glowing silver altar of Zin.
 11013 | D:10     | Noticed Harold
 11047 | D:10     | Killed Harold
 11206 | D:10     | Found a white marble altar of Elyvilon.
 11357 | D:10     | Found a shimmering blue altar of Sif Muna.
 11434 | D:9      | Bought the +0 pair of gloves "Peef" {rC+} for 296 gold
                  | pieces
 11734 | D:10     | Noticed a five-headed hydra
 11734 | D:10     | Noticed an eight-headed hydra
 11734 | D:10     | Noticed an arcanist
 11757 | D:10     | Killed a five-headed hydra
 12284 | D:10     | Killed an eight-headed hydra
 12507 | D:10     | Noticed a deep elf pyromancer
 12509 | D:10     | Killed a deep elf pyromancer
 12568 | D:10     | Noticed a centaur warrior
 12589 | D:10     | HP: 3/92 [centaur warrior/+2 dagger of speed (9)]
 12590 | D:10     | Slain by a centaur warrior

Illustrated notes

Levels and vault maps discovered:
D:1:      saegor_arrival_fortress, layout_rooms, serial_shops, shop
D:2:      layout_loops_corners, dreamdust_mushroom_princess
D:3:      wad_pebble_path, layout_rooms, okawaru_gym_becter,
          overflow_temple_1_default, serial_shops, shop,
          nicolae_shop_gibbet_a_chance, ebering_ghost_rock_garden, uniq_natasha
D:4:      layout_rooms, amcnicky_altar_gilded, nrook_mini_vaults,
          amcnicky_altar_lugonu_corruption, uniq_grinder, uniq_eustachio
D:5:      layout_loops_ring, nicolae_dithmenos_the_darkroom,
          general_overflow_altar, nicolae_qazlal_eye_of_the_storm, serial_shops,
          shop, corexii_leaking_fountain, uniq_prince_ribbit1,
          uniq_blork_the_orc
D:6:      layout_basic, nicolae_uskayaw_dance_studio, serial_shops, shop,
          minmay_circle_x, uniq_duvessa
D:7:      layout_cave_pods, mainiacjoe_overflow_chevrons,
          minmay_temple_entry_overgrown, minmay_misc_feat_alley
D:8:      layout_loops_corners, xom_shifter_show, mainiacjoe_overflow_catwalk,
          mainiacjoe_overflow_brackets, uniq_grum
D:9:      layout_long_grid, lemuel_tele_altar, orc_0_dummy, enter_bailey_5
D:10:     minmay_the_grid_octo_2x2 [minmay_the_grid_octo_concentric,
          minmay_the_grid_octo_pinwheel, minmay_the_grid_octo_fat_diamond,
          minmay_the_grid_octo_prize_single_spiral], layout_loops_ring,
          hellmonk_sif_muna_bookshelves, zin_treasury, elyvilon_altar_1,
          minivault_23, uniq_harold
Temple:   nicolae_temple_great_sept

Skill      XL: |  1  2  3  4  5  6  7  8  9 10 11 |
---------------+----------------------------------+-----
Spellcasting   | 2 3 4 5 6 |  6.7
Fighting       | 1 2 3 4 5 6 7 |  7.3
Armour         | 1 2 3 4 5 7 8 |  8.4
Conjurations   | 4 5 6 7 8 |  8.0
Translocations | 1 2 3 4 5 6 7 |  7.6
Stealth        | 3 4 5 6 |  6.6
Dodging        | 2 |  2.9
Shields        | 1 3 5 6 |  6.8

Action                     |  1- 3 |  4- 6 |  7- 9 | 10-12 || total
---------------------------+-------+-------+-------+-------++-------
  Melee: Short sword       |     5 |       |       |       ||     5
         Unarmed           |     3 |       |       |       ||     3
         Tailslap          |     1 |       |     1 |    26 ||    28
         Spear             |     1 |     3 |    28 |   156 ||   188
   Cast: Magic Dart        |    86 |    89 |   185 |    45 ||   405
         Searing Ray       |     2 |     9 |    40 |    20 ||    71
         Momentum Strike   |     1 |     1 |     6 |     1 ||     9
         Iskenderun's Myst |       |       |     2 |    90 ||    92
 Invoke: Call Merchant     |       |       |       |     1 ||     1
    Use: Scroll            |     1 |       |     5 |     9 ||    15
         Potion            |       |       |     1 |     3 ||     4
   Stab: Sleeping          |       |     1 |     2 |     3 ||     6
 Armour: Robe              |    32 |    33 |    69 |       ||   134
         Leather armour    |       |       |    63 |   292 ||   355
  Dodge: Dodged            |    12 |    33 |    57 |   199 ||   301
  Block: Buckler           |       |       |    10 |    84 ||    94
